 Dungeon Crawl Stone Soup version 0.32-a0-128-g77eb882913 (webtiles) character file.

Game seed: 12143142303967359798

172 BubbleThief the Trooper (level 5, 0/37 HPs)
             Began as an Octopode Fighter on Feb 8, 2024.
             Was an Initiate of Wu Jian.
             Slain by a gnoll
             ... wielding a +0 spear
              (7 damage)
             ... on level 4 of the Dungeon.
             The game lasted 00:03:31 (2088 turns).

BubbleThief the Trooper (Octopode Fighter)          Turns: 2088, Time: 00:03:31

Health: 0/37       AC:  1    Str: 17    XL:     5   Next: 52%
Magic:  14/14      EV: 13    Int: 11    God:    Wu Jian [......]
Gold:   157        SH:  4    Dex: 11    Spells: 4/4 levels left

rFire   . .          .
                       - Unarmed
rCold   . . .        a - +0 buckler
rNeg    . . .        (helmet restricted)
rPois   .            g - amulet of regeneration
rElec   .            o - ring of magical power
rCorr   .            (no ring)
SInv    .            (no ring)
Will    .....        (no ring)
Stlth   ++           (no ring)
HPRegen 1.06/turn    (no ring)
MPRegen 0.14/turn    (no ring)
                     (no ring)

%: no passive effects
@: no status effects
A: almost no armour, amphibious, 8 rings, camouflage 1, gelatinous body 1,
(nimble swimmer 1), tentacles
a: Renounce Religion


You were on level 4 of the Dungeon.
You worshipped Wu Jian.
Wu Jian was noncommittal.
You visited 2 branches of the dungeon, and saw 5 of its levels.

You collected 157 gold pieces.

Inventory:

Armour
 a - a +0 buckler (worn)
Jewellery
 g - an amulet of regeneration (around mantle)
 o - a ring of magical power (left tentacle)
Talismans
 d - a serpent talisman
 m - a blade talisman
Scrolls
 c - 4 scrolls of identify {unknown}
 e - 2 scrolls of fear {unknown}
 h - 2 scrolls of vulnerability {unknown}
 i - a scroll of blinking {unknown}
 j - a scroll of enchant weapon {unknown}
 l - a scroll of immolation {unknown}
Potions
 b - 2 potions of might
 f - a potion of heal wounds {unknown}
 k - 3 potions of curing {unknown}
 n - a potion of degeneration {unknown}


   Skills:
 + Level 4.3 Fighting
 - Level 3.0 Dodging
 - Level 3.0 Shields
 + Level 3.5 Unarmed Combat
 + Level 2.3 Shapeshifting


You had 4 spell levels left.
You didn't know any spells.
Your spell library contained the following spells:

 Spells                   Type           Power      Damage    Failure   Level
 Apportation              Tloc           0%         N/A       41%         1
 Freeze                   Ice            0%         1d3       41%         1
 Jinxbite                 Hex            0%         N/A       56%         2
 Frozen Ramparts          Ice            0%         1d1       80%         3
 Hailstorm                Conj/Ice       0%         3d5       80%         3
 Alistair's Intoxication  Alch           0%         N/A       100%        5


Dungeon Overview and Level Annotations

Branches:
Dungeon (4/15)             Temple (1/1) D:4

Altars:
Ashenzari
Cheibriados
Elyvilon
Fedhas
Gozag
Hepliaklqana
Kikubaaqudgha
Makhleb
Nemelex Xobeh
Qazlal
Ru
Sif Muna
Uskayaw
Vehumet
Wu Jian
Xom
Yredelemnul
Zin
The Shining One

Shops:
D:4 (

Annotations:
D:2 Sigmund


Innate Abilities, Weirdness & Mutations

You cannot wear most types of armour.
You are amphibious.
You can wear up to eight rings at the same time.
Your skin changes colour to match your surroundings (Stealth+).
Your rubbery body absorbs attacks. (AC +1, EV +1)
((You are camouflaged when in or above water. (Stealth+)))
You have tentacles for arms and can constrict up to eight enemies at once.


Message History

A gnoll comes into view. It is wielding a +1 heavy flail.
The gnoll shouts! x2
A gnoll comes into view. It is wielding a +0 spear.
You barely miss the gnoll.
The gnoll shouts!
Your grab misses the gnoll.
You tentacle-slap the gnoll, but do no damage.
You block the gnoll's attack.
You closely miss the gnoll. You grab the gnoll. Your squeeze misses the gnoll.
You constrict the gnoll, but do no damage.
The gnoll misses you.
You bludgeon the gnoll! You squeeze the gnoll.
The gnoll is severely wounded.
You constrict the gnoll. The gnoll hits you with a +0 flail.
You tentacle-slap the gnoll. You squeeze the gnoll.
You kill the gnoll!
The Council accepts your kill.
The gnoll hits you with a +1 heavy flail!
You tentacle-slap the gnoll. You grab the gnoll.
The gnoll is lightly wounded.
You constrict the gnoll, but do no damage.
You tentacle-slap the gnoll but do no damage.
Your squeeze misses the gnoll.
The gnoll is lightly wounded.
You constrict the gnoll. The gnoll misses you.
The gnoll hits you with a +1 heavy flail!!
* * * LOW HITPOINT WARNING * * *
You tentacle-slap the gnoll.
The gnoll is heavily wounded.
You constrict the gnoll.
The gnoll hits you from afar with a +0 spear.
* * * LOW HITPOINT WARNING * * *
Unknown command.
You tentacle-slap the gnoll.
The gnoll is almost dead.
You constrict the gnoll.
You kill the gnoll!
The Council accepts your kill.
The gnoll hits you from afar with a +0 spear!
You die...

.###.###.##..# .#
#.........# .#
#####.##### .# #.#
.#######.###
...........##
..#....##...####### #
..#.##.......##...##....
#.......##......@)......
..##..#....##....)g....#
#.....#.##.#..........##
#.##.......#............
.....##.#..#............
##.>....#..##.......#.##
.....##....###.....##.#
#.##....##.# ##...## #
#....##....#


You could see a gnoll.

Vanquished Creatures
  A bombardier beetle (D:3)
  An orc priest (D:4)
  2 gnolls (D:4)
  3 adders
  2 ribbon worms (D:2)
  A dart slug (D:3)
  4 orcs (D:4)
  5 endoplasms
  2 giant cockroaches
  8 goblins
  3 hobgoblins
  5 kobolds (D:1)
  3 quokkas (D:1)
  7 ball pythons
  8 bats
  A frilled lizard (D:3)
  4 rats
60 creatures vanquished.

Notes
Turn   | Place    | Note
-------+----------+-------------------------------------------
     0 | D:1      | BubbleThief the Octopode Fighter began the quest for the
                  | Orb.
     0 | D:1      | Reached XP level 1. HP: 16/16 MP: 1/1
   136 | D:1      | Reached XP level 2. HP: 21/21 MP: 2/2
   317 | D:1      | Reached XP level 3. HP: 25/26 MP: 3/3
   481 | D:1      | Reached skill level 1 in Shapeshifting
   879 | D:2      | Noticed Sigmund
   968 | D:3      | Reached XP level 4. HP: 33/33 MP: 4/4
  1091 | D:3      | Found a faded altar of an unknown god.
  1370 | D:3      | Reached skill level 4 in Fighting
  1782 | D:4      | Found a staircase to the Ecumenical Temple.
  1807 | Temple   | Entered the Ecumenical Temple
  1812 | Temple   | Became a worshipper of the Wu Jian Council
  1855 | D:4      | Found Ehogguap's Antique Weapon Shop.
  1861 | D:4      | Reached XP level 5. HP: 37/37 MP: 5/5
  2088 | D:4      | Slain by a gnoll

Illustrated notes

Levels and vault maps discovered:
D:1:      elethiomel_arrival_quiet, layout_loops_ring
D:2:      layout_basic, minmay_misc_feat_encased, uniq_sigmund
D:3:      layout_basic, basic_ecumenical_altar
D:4:      layout_loops_corners, minmay_temple_entry_ruins, serial_shops,
          nicolae_diamond_shop
Temple:   nicolae_temple_bog_church

Skill      XL: |  1  2  3  4 |
---------------+-------------+-----
Shapeshifting  | 1 2 |  2.3
Unarmed Combat | 3 |  3.5
Fighting       | 4 |  4.3
Dodging        | |  3.0
Shields        | |  3.0

Action                     |  1- 3 |  4- 6 || total
---------------------------+-------+-------++-------
  Melee: Unarmed           |    87 |    52 ||   139
         Tentacles         |    18 |    10 ||    28
         Constrict         |    20 |    16 ||    36
         Punch             |     5 |     3 ||     8
Ability: Lunge             |       |     2 ||     2
   Stab: Sleeping          |     5 |     2 ||     7
         Distracted        |     1 |       ||     1
 Armour: Skin              |    44 |    19 ||    63
  Dodge: Dodged            |    57 |    13 ||    70
  Block: Buckler           |    17 |     8 ||    25
         Form:             |     1 |       ||     1
         Serpent           |     1 |       ||     1

Table legend: (Time is in decaauts)
 A = Elapsed time spent in this place.
 B = Non-inter-level travel time spent in this place.
 C = Inter-level travel time spent in this place.
 D = Time resting spent in this place.
 E = Time spent auto-exploring this place.
 F = Levels seen in this place.
 G = Mean time per level.
                   A        B        C        D        E       F      G
               +--------+--------+--------+--------+--------+-----+--------+
         Total |   2084 |   2038 |     46 |      0 |   1597 |   5 |  416.8 |
       Dungeon |   2073 |   2031 |     42 |      0 |   1597 |   4 |  518.2 |
        Temple |     10 |      6 |      4 |      0 |      0 |   1 |   10.0 |
               +--------+--------+--------+--------+--------+-----+--------+

Top non-repeatable levels by time:
     D:3: 773 daAuts
     D:1: 735 daAuts
     D:4: 359 daAuts
     D:2: 205 daAuts
  Temple: 10 daAuts
